 Dungeon Crawl Stone Soup version 0.22-a0-362-g535178c (webtiles) character file.

138861 iamserjio the Brawler (level 17, -8/165 HPs)
             Began as a Naga Transmuter on Apr 20, 2018.
             Was the Champion of Okawaru.
             Mangled by an earth elemental (19 damage)
             ... summoned by a deep elf mage
             ... on level 2 of the Elven Halls on Apr 21, 2018.
             The game lasted 03:25:04 (40182 turns).

iamserjio the Brawler (Naga Transmuter)            Turns: 40182, Time: 03:25:05

Health: -8/165     AC: 19    Str: 18    XL:     17   Next: 27%
Magic:  26/27      EV:  7    Int: 14    God:    Okawaru [******]
Gold:   1106       SH:  5    Dex: 13    Spells: 7/30 levels left

rFire    + + .     SeeInvis +     - Unarmed
rCold    . . .     Gourm    .   (shield currently unavailable)
rNeg     . . .     Faith    .   U - +2 leather armour of Hopscotch {rF+}
rPois    +         Spirit   .   Z - +1 helmet "Riofais" {rPois MR++ Str-4}
rElec    .         Reflect  +   k - +2 cloak
rCorr    .         Harm     .   (gloves currently unavailable)
MR       ++++.                  Y - +1 naga barding {rF+}
Stlth    +++.......             R - +5 amulet of reflection
HPRegen  0.37/turn              Q - ring of wizardry
MPRegen  0.20/turn              V - +4 ring of strength

@: blade hands (expiring), heavily drained, very slow
A: large, see invisible, deformed body, poison resistance, slowness 2, slow
metabolism 1, spit poison 1, constrict 1, AC +5
a: Spit Poison, End Transformation, Heroism, Finesse, Renounce Religion


You were on level 2 of the Elven Halls.
You worshipped Okawaru.
Okawaru was exalted by your worship.
You were hungry.
You had blades for hands.
You visited 5 branches of the dungeon, and saw 27 of its levels.
You visited the Abyss 2 times.
You also visited: Labyrinth, Ossuary and Ice Cave.

You collected 3114 gold pieces.
You spent 2008 gold pieces at shops.

Inventory:

Missiles
 S - 40 arrows
Armour
 b - the +1 leather armour of the Will of the Gods {rElec Str+2}
   (You bought it in a shop on level 2 of the Orcish Mines)

   It affects your strength (+2).
   It insulates you from electricity.
 k - a +2 cloak (worn)
 u - a +0 buckler
 D - a +2 robe of cold resistance
 H - a +0 helmet
 I - a +2 leather armour of cold resistance
 J - a +0 pair of gloves (melded)
 L - a +2 leather armour of positive energy
 U - the +2 leather armour of Hopscotch (worn) {rF+}
   (You found it on level 2 of the Abyss)

   It protects you from fire.
 Y - a +1 naga barding of fire resistance (worn)
 Z - the +1 helmet "Riofais" (worn) {rPois MR++ Str-4}
   (You found it on level 6 of the Lair of Beasts)

   It affects your strength (-4).
   It protects you from poison.
   It affects your resistance to hostile enchantments.
Jewellery
 p - an uncursed ring of resist corrosion
 s - an uncursed ring of flight
 x - the ring "Cononod" {+Fly Int+4}
   (You found it on level 13 of the Dungeon)

   [ring of flight]

   It affects your intelligence (+4).
   It lets you fly.
 N - an uncursed ring of protection from fire {unknown}
 Q - a ring of wizardry (left scythe-like blade)
 R - a +5 amulet of reflection (around neck)
 V - a +4 ring of strength (right scythe-like blade)
Wands
 a - a wand of paralysis (40)
 h - a wand of acid (18)
 B - a wand of iceblast (20)
 E - a wand of scattershot (2)
 M - a wand of clouds (18)
 W - a wand of digging (48)
Scrolls
 e - 2 scrolls of holy word
 f - 2 scrolls of blinking
 j - 5 scrolls of enchant armour
 l - 4 scrolls of fear
 m - a scroll of amnesia
 n - 3 scrolls of identify
 o - a scroll of silence
 q - a scroll of magic mapping
 y - 9 scrolls of remove curse
 K - a scroll of fog
Potions
 c - 2 potions of haste
 g - a potion of magic
 i - 2 potions of berserk rage
 r - 3 potions of resistance
 t - 3 potions of brilliance
 v - 3 potions of mutation
 w - 12 potions of curing
 z - 4 potions of might
 A - 2 potions of agility
 F - 2 potions of invisibility
 G - a potion of cancellation
 X - a potion of heal wounds
Miscellaneous
 O - a phantom mirror
 T - a lamp of fire
Comestibles
 d - 46 rations


   Skills:
 + Level 13.8(11.2) Fighting
 - Level 3.0(1.0) Dodging
 - Level 9.0(6.7) Stealth
 + Level 18.7(15.8) Unarmed Combat
 + Level 7.2(5.0) Spellcasting
 - Level 2.4(0.5) Hexes
 - Level 1.0(0.0) Necromancy
 + Level 15.2(12.5) Transmutations
   Level 2.5(0.6) Poison Magic
 - Level 4.0(2.0) Invocations


You had 7 spell levels left.
You knew the following spells:

 Your Spells              Type           Power        Failure   Level  Hunger
a - Beastly Appendage     Tmut           #####.       3%          1    None
b - Confusing Touch       Hex            #.....       28%         1    None
c - Dragon Form           Tmut           #####.....   71%         7    #######
d - Sticks to Snakes      Tmut           #####...     3%          2    ##.....
e - Blade Hands           Tmut           #####.....   11%         5    ######.
f - Ice Form              Ice/Tmut       ###.....     26%         4    ####...
g - Regeneration          Chrm/Necr      #.........   56%         3    ###....


Dungeon Overview and Level Annotations

Branches:
Dungeon (15/15)            Temple (1/1) D:5            Lair (6/6) D:11
 Shoals (0/4) Lair:2       Spider (0/4) Lair:2        Slime (0/5) Lair:6
    Orc (2/2) D:12            Elf (3/3) Orc:2        Vaults (0/5) D:13
 Depths: D:15

Altars:
Ashenzari
Cheibriados
Dithmenos
Elyvilon
Fedhas
Gozag
Hepliaklqana
Kikubaaqudgha
Makhleb
Nemelex Xobeh
Okawaru
Qazlal
Ru
Sif Muna
Trog
Uskayaw
Vehumet
Wu Jian
Xom
Yredelemnul
Zin
The Shining One
Beogh
Jiyva
Lugonu

Shops:
D:6 [(!=%   D:7 *   Orc:2 *[}[

Portals:
Trove: Elf:3 (give dagger "Bycuab")

Annotations:
D:15 Louise


Innate Abilities, Weirdness & Mutations

You cannot wear boots.
Your serpentine skin is tough. (AC +5)
You have supernaturally acute eyesight. (SInv)
Armour fits poorly on your strangely shaped body.
Your system is resistant to poisons. (rPois)
You cover ground very slowly.
You have a slow metabolism.
You can spit poison.
You can use your snake-like lower body to constrict enemies.


Message History

You slash the deep elf mage!
The deep elf mage is heavily wounded.
You constrict the deep elf mage.
Your trident of venom dissolves into shadows!
You block the deep elf mage's attack.
Your water elemental hits the deep elf mage!
The deep elf mage dies!
Okawaru accepts your kill. The earth elemental hits you!
* * * LOW HITPOINT WARNING * * *
The earth elemental hits you!!
* * * LOW HITPOINT WARNING * * *
You see here a trident of holy wrath.
You feel much better.
Your water elemental hits the earth elemental.
Your water elemental engulfs the earth elemental in water!
The earth elemental hits you!!
* * * LOW HITPOINT WARNING * * *
The earth elemental hits you!!
You die...

..........# ##
.........##
#####) ..
........##
##...'# ...
...##...##
#....)' .... .##
##...## #.....#
..... ##...#
#.....#
.....§#####§...#
##...##
......EE##§§...#
####
....§§@E§§§..##
......§)§§§§..#
......§§§§.§###
#############


You could see 2 earth elementals and a friendly water elemental.

Vanquished Creatures
  A bone dragon (Abyss:3)
  A lich (Abyss:3)
  A revenant (Abyss:2)
  A deep elf sorcerer (Elf:1)
  A minotaur (Lab)
  A deep elf death mage (Elf:1)
  Josephine (Orc:1)
  7 hydras
  A vault guard (D:13)
  A catoblepas (Lair:3)
  3 centaur warriors
  2 death knights
  4 two-headed ogres
  16 dancing weapons
  4 orc high priests (Orc:2)
  6 death yaks (Lair:2)
  A tengu warrior (D:13)
  Urug (Lair:2)
  5 deep elf knights
  Sonja (Lair:4)
  2 wretched stars
  5 skeletal warriors (D:14)
  3 unseen horrors
  6 deep elf archers
  2 wolf spider zombies
  An orc knight (Orc:1)
  2 wolf spiders (Lair:6)
  6 ugly things
  An oklob plant (Lair:3)
  23 deep elf magi
  2 orc sorcerers
  6 cyclopes
  9 elephants
  3 ice statues (IceCv)
  A water nymph (Abyss:3)
  10 black mambas
  A merfolk siren (Lair:2)
  4 gargoyles
  A guardian serpent (Lair:6)
  A smoke demon (Abyss:3)
  A torpor snail (Lair:4)
  23 spiny frogs
  4 rime drakes
  A kobold demonologist (D:14)
  7 komodo dragons
  An ancient zyme (Abyss:3)
  A tengu conjurer (D:14)
  6 trolls
  9 polar bears (Lair:6)
  3 hornets
  4 raiju (Lair:6)
  4 slime creatures (D:14)
  A dream sheep (Lair:6)
  9 hippogriffs
  5 large abominations
  6 flying skulls (Abyss:2)
  A centaur simulacrum (D:14)
  7 redbacks
  2 shadows
  An air elemental (Elf:2)
  10 wyverns
  53 yaks
  A human (D:10)
  6 wraiths
  4 ynoxinuls
  2 water elementals
  A fire elemental (Elf:1)
  2 steam dragons
  4 vampire mosquitoes (D:12)
  7 basilisks
  9 hungry ghosts
  6 wargs
  13 hell hounds (Lair:6)
  Duvessa (D:6)
  A swamp drake (D:12)
  24 water moccasins
  12 porcupines
  11 ice beasts
  2 necrophages
  20 orc warriors
  6 sky beasts
  14 black bears
  3 phantoms
  A black bear (shapeshifter) (Elf:1)
  2 small abominations (Abyss:2)
  A sky beast (shapeshifter) (D:10)
  23 wolves
  9 ogres
  10 centaurs
  13 crocodiles
  5 big kobolds
  2 wyvern zombies (D:14)
  24 bullfrogs
  4 earth elementals
  A water moccasin zombie (D:9)
  2 wyvern skeletons
  7 scorpions
  Dowan (D:6)
  17 killer bees
  A spriggan skeleton (Lab)
  14 wights
  2 electric eels
  6 howler monkeys
  2 vampire bats (D:6)
  8 crimson imps
  3 jellies
  5 bullfrog zombies
  5 starcursed masses (Abyss:3)
  A quasit (D:7)
  5 centaur zombies
  33 orc priests
  8 hounds
  4 bullfrog skeletons
  An iron imp (Abyss:2)
  4 centaur skeletons
  6 iguanas
  Natasha (thrice) (D:2 D:4)
  3 hell rats (Lair:3)
  37 orc wizards
  16 worker ants
  2 ogre skeletons (Lab)
  A hound skeleton (D:7)
  A worker ant zombie (D:5)
  3 gnolls (D:4)
  11 adders
  5 river rats (Lair:3)
  2 shadow imps
  2 adder skeletons
  2 worms
  4 dart slugs
  8 leopard geckos
  98 orcs
  A ball python (D:4)
  16 bats
  7 giant cockroaches
  7 goblins
  4 hobgoblins (D:1)
  7 jackals
  4 quokkas
  7 frilled lizards
  A goblin zombie (D:4)
  A jackal skeleton (D:4)
  35 kobolds
  14 rats
  A rat zombie (D:4)
  A fungus (Lair:4)
990 creatures vanquished.

Vanquished Creatures (collateral kills)
  A dancing weapon (Elf:2)
  A deep elf mage (Elf:2)
2 creatures vanquished.

Vanquished Creatures (others)
  40 fungi
  41 plants
81 creatures vanquished.

Grand Total: 1073 creatures vanquished

Notes
Turn   | Place    | Note
-------+----------+-------------------------------------------
     0 | D:1      | iamserjio the Naga Transmuter began the quest for the Orb.
     0 | D:1      | Reached XP level 1. HP: 18/18 MP: 3/3
    60 | D:1      | Reached skill level 1 in Stealth
    63 | D:1      | Reached XP level 2. HP: 23/25 MP: 5/5
   616 | D:1      | Reached XP level 3. HP: 25/31 MP: 6/6
  1464 | D:2      | Noticed Natasha
  1525 | D:2      | Found a shadowy altar of Dithmenos.
  1641 | D:2      | Killed Natasha
  1641 | D:2      | Reached skill level 4 in Unarmed Combat
  1641 | D:2      | Reached XP level 4. HP: 7/38 MP: 7/7
  1981 | D:2      | Noticed Natasha
  2078 | D:2      | Killed Natasha
  2078 | D:2      | Reached XP level 5. HP: 21/44 MP: 8/8
  2410 | D:2      | Noticed Natasha
  3103 | D:3      | Found an ancient bone altar of Kikubaaqudgha.
  3589 | D:3      | Learned a level 1 spell: Confusing Touch
  3593 | D:3      | Learned a level 3 spell: Spider Form
  3619 | D:3      | Reached skill level 5 in Unarmed Combat
  3619 | D:3      | Reached XP level 6. HP: 30/51 MP: 1/9
  3709 | D:3      | Found a blossoming altar of Fedhas.
  3899 | D:4      | Found a sand-covered staircase.
  3914 | Ossuary  | Entered an ossuary
  4173 | D:4      | Killed Natasha
  4227 | D:4      | Learned a level 2 spell: Sticks to Snakes
  4453 | D:4      | Reached skill level 5 in Stealth
  4453 | D:4      | Reached skill level 1 in Poison Magic
  4730 | D:4      | Reached XP level 7. HP: 23/57 MP: 7/10
  5036 | D:3      | Reached skill level 6 in Unarmed Combat
  5212 | D:4      | Found an iron altar of Okawaru.
  5212 | D:4      | Found a hide-covered altar of Uskayaw.
  5702 | D:5      | Entered Level 5 of the Dungeon
  5965 | D:5      | Found a basalt altar of Yredelemnul.
  6004 | D:5      | Reached XP level 8. HP: 53/64 MP: 7/11
  6008 | D:5      | Reached skill level 7 in Unarmed Combat
  6079 | D:5      | Found a staircase to the Ecumenical Temple.
  6104 | Temple   | Entered the Ecumenical Temple
  6255 | D:4      | Became a worshipper of Warmaster Okawaru
  6488 | D:5      | Found a white marble altar of Elyvilon.
  6622 | D:5      | Reached skill level 5 in Transmutations
  6828 | D:6      | Noticed Duvessa
  6833 | D:6      | Noticed Dowan
  6840 | D:6      | Found Isiv's Distillery.
  7286 | D:6      | Found an opulent altar of Gozag.
  7287 | D:6      | Found a sparkling altar of Nemelex Xobeh.
  7306 | D:6      | Reached skill level 1 in Invocations
  7327 | D:6      | Found Nipsueka's Jewellery Emporium.
  7383 | D:6      | Bought a +2 amulet of reflection for 82 gold pieces
  7476 | D:6      | Found Gutt's Armour Shoppe.
  7497 | D:6      | Reached skill level 8 in Unarmed Combat
  7600 | D:6      | Noticed a yak
  7601 | D:6      | Noticed a yak
  7708 | D:6      | Found Hiryotuf's Food Boutique.
  7712 | D:6      | Found a radiant altar of Vehumet.
  7772 | D:5      | HP: 3/64 [poisoned by a worker ant]
  7780 | D:5      | HP: 3/64 [poisoned by a worker ant]
  8159 | D:6      | Killed Dowan
  8485 | D:6      | Killed Duvessa
  8485 | D:6      | Reached * piety under Okawaru
  8487 | D:6      | Reached XP level 9. HP: 68/70 MP: 5/12
  8830 | D:6      | Reached skill level 9 in Unarmed Combat
  8854 | D:6      | Reached ** piety under Okawaru
  9112 | D:6      | Found Dyraminyr's Weapon Shoppe.
  9234 | D:6      | Found the +4 Vampire's Tooth {vamp}
  9344 | D:6      | Bought a potion of lignification for 36 gold pieces
  9344 | D:6      | Bought a potion of curing for 36 gold pieces
  9344 | D:6      | Bought a potion of invisibility for 96 gold pieces
  9465 | D:7      | Reached skill level 10 in Unarmed Combat
  9493 | D:7      | Found a snail-covered altar of Cheibriados.
  9554 | D:6      | Reached skill level 1 in Hexes
  9785 | D:7      | Learned a level 5 spell: Blade Hands
  9906 | D:7      | Reached *** piety under Okawaru
  9913 | D:7      | Reached XP level 10. HP: 40/78 MP: 10/13
 10320 | D:7      | Found Qitonabe's Assorted Antiques.
 10357 | D:7      | Found a deep blue altar of Sif Muna.
 10835 | D:8      | Found a shimmering altar of Xom.
 11516 | D:9      | Reached **** piety under Okawaru
 11710 | D:9      | Reached skill level 11 in Unarmed Combat
 12012 | D:9      | Found a shattered altar of Ashenzari.
 12155 | D:9      | Noticed a two-headed ogre
 12190 | D:9      | Killed a two-headed ogre
 12412 | D:9      | Reached XP level 11. HP: 89/90 MP: 13/16
 12609 | D:10     | Entered Level 10 of the Dungeon
 12757 | D:10     | Reached ***** piety under Okawaru
 13109 | D:10     | Noticed a two-headed ogre
 13124 | D:10     | Killed a two-headed ogre
 13124 | D:10     | Received a gift from Okawaru
 13124 | D:10     | Reached skill level 12 in Unarmed Combat
 13442 | D:10     | Noticed an alligator
 13451 | D:10     | Noticed a deep elf mage
 13577 | D:10     | Received a gift from Okawaru
 14470 | D:10     | Killed a deep elf mage
 15345 | D:11     | Reached skill level 5 in Fighting
 15573 | D:11     | Noticed a cyclops
 15742 | D:11     | Noticed a cyclops
 15747 | D:11     | Killed a cyclops
 15747 | D:11     | Received a gift from Okawaru
 15747 | D:11     | Reached skill level 5 in Spellcasting
 16052 | D:11     | Noticed a centaur warrior
 16071 | D:11     | Reached XP level 12. HP: 23/103 MP: 17/19
 16071 | D:11     | Killed a centaur warrior
 16071 | D:11     | Reached skill level 13 in Unarmed Combat
 16074 | D:11     | HP: 4/104 [centaur[a centaur warrior] (10)]
 16549 | D:11     | Noticed a five-headed hydra
 16607 | D:11     | Killed a five-headed hydra
 16893 | D:11     | Found a staircase to the Lair.
 17641 | D:12     | Reached skill level 10 in Transmutations
 17688 | D:12     | Received a gift from Okawaru
 17783 | D:12     | Noticed a two-headed ogre
 17794 | D:12     | Killed a two-headed ogre
 18432 | D:12     | Reached skill level 14 in Unarmed Combat
 18910 | D:12     | Received a gift from Okawaru
 18991 | D:12     | Found a staircase to the Orcish Mines.
 19449 | Lair:1   | Entered Level 1 of the Lair of Beasts
 19478 | Lair:1   | Found a dark tunnel.
 19499 | Lair:1   | Noticed a five-headed hydra
 19502 | Lair:1   | Found a labyrinth entrance.
 19510 | Lair:1   | Killed a five-headed hydra
 19513 | Lair:1   | Gained mutation: You can use your snake-like lower body to constrict enemies. [Naga growth]
 19513 | Lair:1   | Reached XP level 13. HP: 78/116 MP: 17/20
 19522 | Lab      | Entered a labyrinth
 20305 | Lab      | Reached ****** piety under Okawaru
 20638 | Lab      | Noticed a minotaur
 20650 | Lab      | Killed a minotaur
 21705 | Lair:1   | Received a gift from Okawaru
 21705 | Lair:1   | Reached skill level 15 in Unarmed Combat
 22411 | Lair:2   | Found a hole to the Spider Nest.
 22584 | Lair:2   | Found a staircase to the Shoals.
 22675 | Lair:2   | Noticed Urug
 22683 | Lair:2   | Killed Urug
 22683 | Lair:2   | Received a gift from Okawaru
 23719 | Lair:3   | Reached skill level 10 in Fighting
 23724 | Lair:3   | Reached XP level 14. HP: 119/132 MP: 17/21
 24637 | Lair:4   | Found a frozen archway.
 24641 | Lair:4   | Received a gift from Okawaru
 24645 | Lair:4   | Got a faintly glowing naga barding {god gift}
 24649 | IceCv    | Entered an ice cave
 24728 | IceCv    | Identified the +2 naga barding of the Commoners {rF- rCorr Str-2 Int+6} (Okawaru gifted it to you on level 4 of the Lair of Beasts)
 24760 | IceCv    | Learned a level 4 spell: Ice Form
 25326 | IceCv    | Reached skill level 16 in Unarmed Combat
 25654 | Lair:4   | Noticed Sonja
 25662 | Lair:4   | Killed Sonja
 27284 | Lair:6   | Entered Level 6 of the Lair of Beasts
 27491 | Lair:6   | Found a viscous altar of Jiyva.
 27492 | Lair:6   | Found a staircase to the Slime Pits.
 27562 | Lair:6   | Received a gift from Okawaru
 28124 | Lair:6   | Reached skill level 17 in Unarmed Combat
 28124 | Lair:6   | Reached XP level 15. HP: 83/142 MP: 19/22
 28689 | Lair:6   | Got a slimy helmet
 28706 | Lair:6   | Identified the +1 helmet "Riofais" {rPois MR++ Str-4} (You found it on level 6 of the Lair of Beasts)
 28923 | Lair:6   | Received a gift from Okawaru
 30508 | D:13     | Got a crude brass ring
 30896 | D:13     | Found a gate to the Vaults.
 31002 | D:13     | Got a bloodstained trident
 31512 | D:14     | Found a white marble altar of Elyvilon.
 31703 | D:14     | Received a gift from Okawaru
 31769 | D:15     | Entered Level 15 of the Dungeon
 32249 | D:14     | Identified the +4 trident "Nicog" {pierce, +Inv rElec} (You found it on level 13 of the Dungeon)
 32823 | D:14     | Reached skill level 18 in Unarmed Combat
 32838 | D:14     | Reached XP level 16. HP: 147/154 MP: 18/23
 33253 | D:15     | Identified the ring "Cononod" {+Fly Int+4} (You found it on level 13 of the Dungeon)
 33661 | D:15     | Noticed Louise
 33666 | D:15     | Cast into level 3 of the Abyss (Louise)
 33706 | Abyss:3  | Learned a level 3 spell: Regeneration
 33721 | Abyss:3  | Noticed a bone dragon
 33777 | Abyss:3  | Killed a bone dragon
 33777 | Abyss:3  | Received a gift from Okawaru
 33813 | Abyss:3  | Noticed a tentacled starspawn
 33880 | Abyss:3  | Noticed a tentacled starspawn
 33927 | Abyss:3  | Noticed a lich
 33941 | Abyss:3  | Noticed a lich
 33962 | Abyss:3  | Killed a lich
 34024 | D:15     | Escaped the Abyss
 34467 | D:7      | Bought a potion of heal wounds for 110 gold pieces
 34467 | D:7      | Bought 3 scrolls of blinking for 495 gold pieces
 34859 | D:12     | Learned a level 7 spell: Dragon Form
 34982 | Orc:1    | Entered Level 1 of the Orcish Mines
 35230 | Orc:2    | Entered Level 2 of the Orcish Mines
 35519 | Orc:2    | Found a staircase to the Elven Halls.
 35616 | Orc:2    | Found a roughly hewn altar of Beogh.
 35881 | Orc:2    | Received a gift from Okawaru
 36079 | Orc:2    | Reached skill level 1 in Necromancy
 36490 | Orc:2    | Got a twisted naga barding {god gift}
 36534 | Orc:2    | Found Utoussuc's Antique Armour Shoppe.
 36534 | Orc:2    | Found Pasche's Assorted Antiques.
 36534 | Orc:2    | Found Fikhluqa's Gadget Shoppe.
 36537 | Orc:2    | Found Qyess's Armour Emporium.
 36677 | Orc:2    | Identified the +0 naga barding "Macvet" {-Cast rF+ rC++ Stlth+} (Okawaru gifted it to you on level 2 of the Orcish Mines)
 36692 | Orc:2    | Bought a potion of curing for 108 gold pieces
 36692 | Orc:2    | Bought a glowing silver ring for 180 gold pieces
 36692 | Orc:2    | Bought a scroll of teleportation for 108 gold pieces
 36697 | Orc:2    | Bought a potion of invisibility for 288 gold pieces
 36701 | Orc:2    | Bought a jet-studded leather armour for 189 gold pieces
 36711 | Orc:2    | Identified the cursed +1 leather armour of the Will of the Gods {rElec Str+2} (You bought it in a shop on level 2 of the Orcish Mines)
 36712 | Orc:2    | Bought a +2 cloak for 280 gold pieces
 36803 | Orc:1    | Noticed Josephine
 36810 | Orc:1    | Killed Josephine
 37002 | Elf:1    | Entered Level 1 of the Elven Halls
 37258 | Elf:1    | Got an ancient robe
 37415 | Elf:1    | Cast into level 2 of the Abyss (a deep elf sorcerer)
 37456 | Abyss:2  | Noticed a tentacled starspawn
 37522 | Abyss:2  | Noticed a revenant
 37522 | Abyss:2  | Got a crude leather armour
 37529 | Abyss:2  | Killed a revenant
 37533 | Abyss:2  | Noticed a Hell Sentinel
 37714 | Abyss:2  | Noticed a profane servitor
 37756 | Elf:1    | Escaped the Abyss
 38444 | Elf:1    | Received a gift from Okawaru
 38715 | Elf:1    | Identified the Reference Book on Battle Magic
 39050 | Elf:1    | Identified the +2 robe of Fedhas's Esteem {rPois Int+2 Dex-3} (You found it on level 1 of the Elven Halls)
 39060 | Elf:1    | Identified the +2 leather armour of Hopscotch {rF+} (You found it on level 2 of the Abyss)
 39103 | Elf:3    | Entered Level 3 of the Elven Halls
 39313 | Elf:3    | Found a portal to a secret trove of treasure.
 39504 | Elf:2    | Reached XP level 17. HP: 105/164 MP: 19/26
 39976 | Elf:2    | Reached skill level 15 in Transmutations
 40097 | Elf:2    | Found a runed gate.
 40097 | Elf:2    | Found a runed gate.
 40097 | Elf:2    | Found a runed gate.
 40177 | Elf:2    | Received a gift from Okawaru
 40182 | Elf:2    | Mangled by an earth elemental

Vault maps used:
D:1:      saegor_arrival_simple_b, minmay_quantized
D:2:      nicolae_dithmenos_through_a_glass_darkly, uniq_natasha
D:3:      fedhas_altar_fruit_tree, kiku_gazebo_pond_becter
D:4:      kennysheep_big_flooded_room, amethyst_overflow_temple_binary,
          enter_ossuary_3
D:5:      kennysheep_ying_yang, minmay_temple_entry_junction, first_ration
D:6:      grunt_temple_overflow_opulence, vehumet_altar_wand_db, serial_shops,
          shop, kennysheep_mini_moat, shop, nicolae_shop_waterfront, shop,
          minmay_guarded_unrand_vampires_tooth, uniq_duvessa
D:7:      cheibrodos_worm_habitat, lemuel_blue_sif_altar, serial_shops, shop
D:8:      brannock_xom_greatest_gift
D:9:      ashenzari_conservatory_becter
D:10:     hangedman_stone_soup
D:11:     due_lair_maze_entry_diamond
D:12:     erik_orc_1
D:13:     david_vaults_5
D:14:     minmay_splitting_lines, elyvilon_altar_3
D:15:     grunt_enter_depths_magical_seal, serial_park_square2, uniq_louise
Temple:   corrupted_temple
Lair:1:   lab_entry_generic, nicolae_volcano_entry_lava_flow,
          serial_bayou_shore_b
Lair:2:   minmay_shoals_entry_lonely_mermaid, spider_nest_entry_web_field,
          serial_bayou_shore_b, grunt_megastairs_1, uniq_urug
Lair:3:   kennysheep_abandoned_house
Lair:4:   portal_ice_cave_rime, uniq_sonja
Lair:5:   minivault_26, serial_bayou_shore_a
Lair:6:   hangedman_lair_caniforms_friends, hangedman_lair_tendril_chambers,
          slime_altar_1, grunt_megastairs_4
Orc:1:    uniq_josephine
Orc:2:    st_orc_mages, basic_altar
Elf:1:    minmay_elf_annihilation
Elf:3:    grunt_elf_hall_asides, enter_trove_0, due_unseen_surprise
Abyss:2:  minivault_23
Abyss:3:  guppyfry_abyss_exit_imp_island, nicolae_abyss_rune_left_handed
Lab:      nicolae_lab_dead_end, nicolae_lab_blocks, nicolae_lab_plus,
          nicolae_lab_big_swirl, nicolae_lab_swirl, lab_hedge,
          nicolae_lab_flowing_pool, nicolae_lab_quarters, labyrinth_lava_lair
Ossuary:  ossuary_crypta
IceCv:    ice_cave_statue_garden_chambered

Skill      XL: |  1  2  3  4  5  6  7  8  9 10 11 12 13 14 15 16 17 |
---------------+----------------------------------------------------+-----
Stealth        | 1 2 3 4 5 6 7 9 |  9.0
Unarmed Combat | 4 5 6 8 10 11 12 14 15 17 18 | 18.7
Transmutations | 3 4 5 7 8 9 10 11 12 13 14 15 | 15.2
Poison Magic   | 1 2 |  2.5
Invocations    | 3 4 |  4.0
Hexes          | 1 2 |  2.4
Dodging        | 2 3 |  3.0
Fighting       | 3 5 7 10 11 12 13 | 13.8
Spellcasting   | 3 5 6 7 |  7.2
Necromancy     | 1 |  1.0

Action                   |  1- 3 |  4- 6 |  7- 9 | 10-12 | 13-15 | 16-18 || total
-------------------------+-------+-------+-------+-------+-------+-------++-------
Melee: Unarmed           |   120 |   158 |   291 |   674 |   829 |   396 ||  2468
       Punch             |     1 |     2 |     1 |     8 |    52 |    42 ||   106
       Headbutt          |       |     1 |       |       |       |       ||     1
       Constrict         |       |       |       |       |   153 |    55 ||   208
       Bite              |       |       |       |       |       |     9 ||     9
       Tailslap          |       |       |       |       |       |     5 ||     5
 Cast: Spider Form       |       |     6 |    39 |    94 |    18 |     3 ||   160
       Beastly Appendage |       |     1 |       |       |       |       ||     1
       Blade Hands       |       |       |       |    10 |   116 |    52 ||   178
       Ice Form          |       |       |       |       |     2 |       ||     2
       Confusing Touch   |       |       |       |       |     1 |       ||     1
       Regeneration      |       |       |       |       |       |    19 ||    19
       Dragon Form       |       |       |       |       |       |    14 ||    14
Invok: Heroism           |       |       |       |     7 |    27 |    11 ||    45
       Finesse           |       |       |       |       |       |     1 ||     1
 Abil: Spit Poison       |    18 |    34 |    31 |    29 |     5 |       ||   117
       End Transformatio |       |       |       |       |       |     1 ||     1
Evoke: Wand              |       |       |       |    11 |    46 |     2 ||    59
       Lamp of fire      |       |       |       |       |     1 |     1 ||     2
  Use: Scroll            |       |     3 |     3 |    10 |    13 |    24 ||    53
       Potion            |       |       |     2 |     4 |     3 |    11 ||    20
 Stab: Sleeping          |     2 |     2 |     5 |    13 |    17 |    13 ||    52
       Distracted        |       |       |       |       |     2 |     2 ||     4
  Eat: Chunk             |     2 |    11 |    12 |    25 |    45 |    27 ||   122
       Ration            |       |       |     2 |    11 |    10 |     6 ||    29
Armor: Robe              |    25 |    43 |    18 |       |    36 |       ||   122
       Skin              |       |       |    26 |    81 |     7 |    32 ||   146
       Leather armour    |       |       |       |    48 |   231 |   114 ||   393
       Chain mail        |       |       |       |       |     1 |       ||     1
Dodge: Dodged            |    54 |    88 |   287 |   445 |   304 |    96 ||  1274
Block: Other             |       |       |    11 |    48 |   104 |    65 ||   228
       Reflection        |       |       |       |     2 |     3 |     8 ||    13
       Buckler           |       |       |       |       |     2 |       ||     2

Table legend:
 A = Spawn XP
 B = Non-spawn XP
 C = Spawn XP percentage of total XP
 D = Spawn monster count
 E = Non-spawn monster count
 F = Spawn count percentage of total count
 G = Total turns spent on level
                    A         B        C        D         E        F      G
               +---------+---------+-------+---------+---------+-------+---------
         Total |    8013 |  190360 |   4.0 |      15 |     976 |   1.5 | 40182
               +---------+---------+-------+---------+---------+-------+---------
           D:1 |       0 |      62 |   0.0 |       0 |      33 |   0.0 |  1265
           D:2 |       0 |     133 |   0.0 |       0 |      19 |   0.0 |  1540
           D:3 |       0 |     215 |   0.0 |       0 |      25 |   0.0 |  1086
           D:4 |       0 |     591 |   0.0 |       0 |      32 |   0.0 |  1801
           D:5 |       0 |     548 |   0.0 |       0 |      23 |   0.0 |  2075
           D:6 |       0 |    2235 |   0.0 |       0 |      39 |   0.0 |  1894
           D:7 |       0 |    1845 |   0.0 |       0 |      33 |   0.0 |  1150
           D:8 |       0 |     514 |   0.0 |       0 |      10 |   0.0 |  1010
           D:9 |       0 |    3129 |   0.0 |       0 |      43 |   0.0 |   933
          D:10 |       0 |    5902 |   0.0 |       0 |      47 |   0.0 |  2935
          D:11 |       0 |    6991 |   0.0 |       0 |      37 |   0.0 |  1736
          D:12 |       0 |    8517 |   0.0 |       0 |      64 |   0.0 |  2664
          D:13 |       0 |    7808 |   0.0 |       0 |      45 |   0.0 |  1088
          D:14 |       0 |   15867 |   0.0 |       0 |      57 |   0.0 |  2001
          D:15 |       0 |    2063 |   0.0 |       0 |       7 |   0.0 |   522
        Lair:1 |       0 |    4785 |   0.0 |       0 |      12 |   0.0 |  1408
        Lair:2 |       0 |   12063 |   0.0 |       0 |      35 |   0.0 |  1407
        Lair:3 |       0 |    6294 |   0.0 |       0 |      38 |   0.0 |  1207
        Lair:4 |       0 |    6972 |   0.0 |       0 |      21 |   0.0 |  1000
        Lair:5 |       0 |    5113 |   0.0 |       0 |      18 |   0.0 |  1586
        Lair:6 |       0 |   32474 |   0.0 |       0 |     140 |   0.0 |  2326
         Orc:1 |       0 |    4449 |   0.0 |       0 |      35 |   0.0 |   406
         Orc:2 |       0 |    6836 |   0.0 |       0 |      57 |   0.0 |  1614
         Elf:1 |       0 |   14708 |   0.0 |       0 |      22 |   0.0 |  1684
         Elf:2 |       0 |   23913 |   0.0 |       0 |      36 |   0.0 |  1138
       Abyss:2 |    4979 |    1713 |  74.4 |      12 |       4 |  75.0 |   341
       Abyss:3 |    3034 |    7032 |  30.1 |       3 |      13 |  18.8 |   358
           Lab |       0 |    4234 |   0.0 |       0 |      20 |   0.0 |  1134
         IceCv |       0 |    3354 |   0.0 |       0 |      11 |   0.0 |   780
               +---------+---------+-------+---------+---------+-------+---------
